 Dungeon Crawl Stone Soup version 0.31-a0-152-g6aa68a64a1 (webtiles) character file.

Game seed: 16378327556392755077

7261 Gargoyl the Cleaver (level 11, -15/103 HPs)
             Began as a Gargoyle Berserker on June 11, 2023.
             Was a Priest of Trog.
             Demolished by an orc knight
             ... wielding a +0 long sword
              (19 damage)
             ... on level 10 of the Dungeon.
             The game lasted 00:11:14 (6807 turns).

Gargoyl the Cleaver (Gargoyle Berserker)            Turns: 6807, Time: 00:11:14

Health: -15/103    AC: 29    Str: 20    XL:     11   Next: 12%
Magic:  11/11      EV: 15    Int:  9    God:    Trog [***...]
Gold:   475        SH:  0    Dex: 13    Spells: 10/10 levels left

rFire   . . .        F - +1 hand axe (venom)
rCold   . . .        (no shield)
rNeg    + + .        s - +2 chain mail {rN+}
rPois   ∞            e - +1 hat
rElec   +            (no cloak)
rCorr   .            d - +2 pair of gloves
SInv    .            (no boots)
Will    ++...        n - amulet of regeneration Stlth
                     o - +4 ring of protection
HPRegen 2.17/turn    r - +5 ring of evasion
MPRegen 0.12/turn

%: no passive effects
@: berserking (expiring), strong-willed, regenerating, very quick
A: sickness immunity, AC +8, negative energy resistance 1, electricity
resistance, torment resistance 1, petrification resistance
a: Renounce Religion, Berserk, Trog's Hand


You were on level 10 of the Dungeon.
You worshipped Trog.
Trog was most pleased with you.
You visited 1 branch of the dungeon, and saw 10 of its levels.

You collected 637 gold pieces.
You spent 162 gold pieces at shops.

Inventory:

Hand Weapons
 a - a +0 heavy hand axe
 c - a +2 long sword of holy wrath
 F - a +1 hand axe of venom (weapon)
Missiles
 l - 3 curare-tipped darts (quivered)
 B - 5 poisoned darts
Armour
 d - a +2 pair of gloves (worn)
 e - a +1 hat (worn)
 s - a +2 chain mail of positive energy (worn)
Jewellery
 n - an amulet of regeneration (around neck)
 o - a +4 ring of protection (left hand)
 r - a +5 ring of evasion (right hand)
 y - an amulet of faith
 C - a +4 ring of protection
 H - a ring of willpower
Wands
 m - a wand of flame (13)
 x - a wand of iceblast (10)
 A - a wand of digging (4)
Scrolls
 p - 2 scrolls of teleportation
 t - a scroll of silence
 u - a scroll of fear
 G - 2 scrolls of identify
Potions
 b - 2 potions of lignification
 f - a potion of invisibility
 g - a potion of resistance
 h - 2 potions of enlightenment {unknown}
 i - 3 potions of attraction {unknown}
 j - 5 potions of degeneration {unknown}
 k - 2 potions of heal wounds {unknown}
 q - a potion of magic {unknown}
 v - a potion of curing
 w - a potion of brilliance {unknown}
 z - a potion of berserk rage {unknown}


   Skills:
 + Level 8.8 Fighting
 + Level 2.1 Long Blades
 + Level 10.3 Axes
 + Level 8.9 Armour
 + Level 5.4 Dodging
 + Level 2.0 Stealth


You had 10 spell levels left.
You didn't know any spells.
Your spell library was empty.

Dungeon Overview and Level Annotations

Branches:
Dungeon (10/15)            Temple (0/1) D:5             Orc (0/2) D:10
   Lair: D:8-11

Altars:
Ashenzari
Makhleb
Nemelex Xobeh
Okawaru
Ru
Vehumet
Yredelemnul
The Shining One

Shops:
D:4 (   D:10 (

Annotations:
D:9 6 transporters
D:10 Joseph, Urug


Innate Abilities, Weirdness & Mutations

You are immune to sickness and miasma.
Your stone body is resilient. (AC +8)
You are immune to poison.
You resist negative energy. (rN+)
You are resistant to electric shocks. (rElec)
You are resistant to unholy torment.
You are immune to petrification.


Message History

You hit Urug but do no damage.
Urug looks as sick as possible!
Urug is lightly wounded.
You hit the shadow. You hit the orc knight.
The orc knight looks as sick as possible!
The shadow hits you.
Unknown command.
You slash Urug!
Urug looks as sick as possible!
Urug is lightly wounded.
You hit the orc knight but do no damage.
You hit the shadow. The orc knight misses you.
Urug hits you but does no damage.
Unknown command.
You hit Urug.
Urug looks as sick as possible!
Urug is moderately wounded.
You hit the shadow. You hit the orc knight.
The orc knight is poisoned.
You hit the orc knight but do no damage.
The orc knight looks as sick as possible!
The shadow hits you. Urug barely misses you.
The orc knight hits you with a +0 long sword!!
* * * LOW HITPOINT WARNING * * *
The orc knight hits you but does no damage.
You barely miss Urug.
Urug is moderately wounded.
You slash the orc knight!
The orc knight looks as sick as possible!
You completely miss the shadow.
You hit the orc knight but do no damage.
The orc knight looks as sick as possible!
You hit Urug.
Urug looks as sick as possible!
Urug is moderately wounded.
The orc knight blocks your attack.
You hit the orc knight but do no damage.
The orc knight looks as sick as possible!
You slash the shadow!
You destroy the shadow!
Trog accepts your kill.
The orc knight hits you with a +0 rapier!
* * * LOW HITPOINT WARNING * * *
The orc knight hits you with a +0 long sword!!
You die...

...# # #..#
...#..#.##.# .#
...........### ##..
.............######....
.................#.<.#
.....#........>....#
..<.##.......#....###
....##.......#..o...##
#.....#.........@....#
.....#.........oo.....#
.. #.........@.......
#...........###...
............#(#...
......)...###..#
...............#
.......... . .#


You could see 2 orc knights, Urug (strong, extremely poisoned), Joseph and a +6
double sword.

Vanquished Creatures
  An unseen horror (D:10)
  A troll (D:9)
  A hornet (D:9)
  A shadow (D:10)
  A vampire (D:5)
  3 yaks (D:9)
  2 wyverns
  Eustachio (D:6)
  2 steam dragons
  An acid dragon (D:8)
  3 water moccasins
  4 black bears
  4 orc warriors
  4 ice beasts
  Duvessa (D:6)
  2 sky beasts (D:7)
  7 centaurs
  2 ogres (D:6)
  A phantom (D:4)
  2 kobold brigands (D:6)
  7 bullfrogs
  3 scorpions
  A wyvern zombie (D:8)
  2 wights
  Dowan (D:6)
  4 killer bees (D:7)
  4 electric eels (D:8)
  2 howler monkeys (D:6)
  3 jellies
  5 hounds
  A gnoll bouda (D:6)
  11 orc priests
  A sleepcap (D:6)
  Jessica (D:3)
  6 iguanas
  13 orc wizards
  A howler monkey zombie (D:8)
  4 gnolls (D:3)
  6 adders
  A shadow imp (D:6)
  2 worms
  6 dart slugs
  40 orcs
  5 ball pythons
  4 endoplasms
  4 giant cockroaches
  A goblin (D:3)
  6 hobgoblins
  2 jackals (D:4)
  18 kobolds
  3 quokkas
  4 bats
  2 frilled lizards
  3 rats
221 creatures vanquished.

Vanquished Creatures (others)
  An orc wizard (D:7)
1 creature vanquished.

Grand Total: 222 creatures vanquished

Notes
Turn   | Place    | Note
-------+----------+-------------------------------------------
     0 | D:1      | Gargoyl the Gargoyle Berserker began the quest for the Orb.
     0 | D:1      | Reached XP level 1. HP: 14/14 MP: 1/1
    67 | D:1      | Reached XP level 2. HP: 19/19 MP: 2/2
    81 | D:1      | Reached skill level 3 in Axes
   329 | D:1      | Reached XP level 3. HP: 24/24 MP: 3/3
   663 | D:2      | Reached ** piety under Trog
   685 | D:2      | You fall into a shaft and drop 1 floor!
   760 | D:3      | Reached XP level 4. HP: 26/29 MP: 4/4
   993 | D:3      | Reached XP level 5. HP: 33/33 MP: 5/5
  1018 | D:3      | Noticed Jessica
  1027 | D:3      | Killed Jessica
  1028 | D:3      | Reached skill level 4 in Axes
  1500 | D:4      | Reached XP level 6. HP: 39/39 MP: 6/6
  1596 | D:4      | Found a burning altar of Makhleb.
  1642 | D:4      | Reached skill level 5 in Fighting
  1734 | D:4      | Found an iron altar of Okawaru.
  2018 | D:4      | Noticed a black bear
  2019 | D:4      | Found Dagokaif's Antique Weapon Shop.
  2149 | D:4      | Killed a black bear
  2150 | D:4      | Reached XP level 7. HP: 18/44 MP: 7/7
  2170 | D:4      | Reached skill level 5 in Axes
  2203 | D:4      | Bought a runed long sword for 162 gold pieces
  2229 | D:5      | Entered Level 5 of the Dungeon
  2275 | D:5      | Noticed a vampire
  2282 | D:5      | Killed a vampire
  2381 | D:5      | Found a sacrificial altar of Ru.
  2393 | D:5      | Reached skill level 1 in Long Blades
  2547 | D:5      | Reached XP level 8. HP: 14/51 MP: 8/8
  2582 | D:5      | Reached skill level 5 in Armour
  2692 | D:5      | Found a staircase to the Ecumenical Temple.
  3177 | D:5      | Found a broken altar of Ashenzari.
  3194 | D:5      | Found a glowing golden altar of the Shining One.
  3197 | D:5      | Found a radiant altar of Vehumet.
  3227 | D:6      | Gained mutation: You are clumsy. (Dex -2) [potion of
                  | mutation]
  3227 | D:6      | Gained mutation: Your large and strong wings let you fly.
                  | [potion of mutation]
  3229 | D:6      | Noticed Eustachio
  3231 | D:6      | Noticed Dowan
  3234 | D:6      | Noticed Duvessa
  3244 | D:6      | Killed Dowan
  3245 | D:6      | Reached skill level 6 in Axes
  3246 | D:6      | Killed Eustachio
  3261 | D:6      | Killed Duvessa
  3262 | D:6      | Reached skill level 1 in Stealth
  3293 | D:6      | Reached XP level 9. HP: 25/56 MP: 9/9
  3429 | D:6      | Reached skill level 7 in Axes
  4270 | D:6      | Reached skill level 8 in Axes
  4553 | D:7      | Reached XP level 10. HP: 64/64 MP: 10/10
  4733 | D:7      | Reached skill level 9 in Axes
  4741 | D:7      | Reached skill level 5 in Dodging
  4994 | D:7      | Found a sparkling altar of Nemelex Xobeh.
  5087 | D:7      | Reached *** piety under Trog
  5605 | D:8      | Lost mutation: You are clumsy. (Dex -2) [potion of
                  | mutation]
  5605 | D:8      | Lost mutation: Your large and strong wings let you fly.
                  | [potion of mutation]
  5605 | D:8      | Gained mutation: Armour fits poorly on your strangely
                  | shaped body. [potion of mutation]
  5605 | D:8      | Lost mutation: Armour fits poorly on your strangely shaped
                  | body. [potion of mutation]
  5792 | D:8      | Found a basalt altar of Yredelemnul.
  6106 | D:9      | Found a transporter.
  6111 | D:9      | Found a transporter.
  6112 | D:9      | Found a transporter.
  6112 | D:9      | Found a transporter.
  6284 | D:9      | Found a transporter.
  6288 | D:9      | Found a transporter.
  6382 | D:9      | Reached skill level 10 in Axes
  6382 | D:9      | Reached XP level 11. HP: 47/69 MP: 11/11
  6603 | D:10     | Entered Level 10 of the Dungeon
  6638 | D:10     | Found Natzeto's Weapon Emporium.
  6638 | D:10     | Found a staircase to the Orcish Mines.
  6702 | D:10     | Reached **** piety under Trog
  6791 | D:10     | Noticed Urug
  6792 | D:10     | Noticed an orc knight
  6792 | D:10     | Noticed a +6 double sword
  6794 | D:10     | Noticed an orc knight
  6798 | D:10     | Noticed Joseph
  6807 | D:10     | HP: 4/103 [orc knight/+0 rapier (15)]
  6807 | D:10     | Demolished by an orc knight

Illustrated notes

Levels and vault maps discovered:
D:1:      doesnt_arrival_eight_statues, layout_rooms
D:2:      layout_loops_ring
D:3:      layout_loops_ring, uniq_jessica
D:4:      layout_loops_ring, makhleb_heckhound_becter,
          kennysheep_okawaru_gauntlet, grunt_decor_fettered,
          kennysheep_windowed_goal
D:5:      layout_loops_ring, nicolae_ru_sacrificial_ziggurat,
          minmay_overflow_temple_star_quad, minmay_temple_entry_water_ring
D:6:      minmay_chambers_of_fours, layout_basic, uniq_eustachio, uniq_duvessa
D:7:      cheibrodos_helix_gallery, layout_basic, nemelex_diamond_rough_becter,
          minmay_puff
D:8:      layout_rooms, lemuel_zombie_altar_yredelemnul, serial_curves,
          eino_curves_03, eino_curves_01, eino_curves_03, chequers_big_river
D:9:      layout_rooms, serial_nicolae_subway, nicolae_sub_station_metal,
          nicolae_sub_station_crystal, nicolae_sub_station_stone
D:10:     layout_cave_pools, pdpol_temple_overflow_zin_treasury_gozag_greed,
          orc_david_3, enter_bailey_3, sword_in_stone

Skill      XL: |  1  2  3  4  5  6  7  8  9 10 11 |
---------------+----------------------------------+-----
Axes           | 3 4 5 6 8 10 | 10.3
Fighting       | 4 5 6 7 8 |  8.8
Dodging        | 2 3 4 5 |  5.4
Armour         | 3 4 5 6 8 |  8.9
Long Blades    | 1 2 |  2.1
Stealth        | 1 2 |  2.0

Action                     |  1- 3 |  4- 6 |  7- 9 | 10-12 || total
---------------------------+-------+-------+-------+-------++-------
  Melee: Hand axe          |    95 |   128 |   410 |   287 ||   920
         Punch             |     2 |     1 |     6 |     3 ||    12
         Long sword        |       |       |    43 |       ||    43
 Invoke: Berserk           |     1 |     4 |     8 |     7 ||    20
         Trog's Hand       |       |     3 |     8 |     4 ||    15
    Use: Scroll            |     2 |     5 |     8 |     6 ||    21
         Potion            |       |     1 |     3 |     1 ||     5
 Armour: Animal skin       |    20 |       |       |       ||    20
         Ring mail         |    45 |   126 |   188 |       ||   359
         Skin              |       |       |     3 |       ||     3
         Chain mail        |       |       |   111 |   261 ||   372
  Dodge: Dodged            |    68 |   120 |   307 |   310 ||   805

Table legend: (Time is in decaauts)
 A = Elapsed time spent in this place.
 B = Non-inter-level travel time spent in this place.
 C = Inter-level travel time spent in this place.
 D = Time resting spent in this place.
 E = Time spent auto-exploring this place.
 F = Levels seen in this place.
 G = Mean time per level.
                   A        B        C        D        E       F      G
               +--------+--------+--------+--------+--------+-----+--------+
         Total |   6999 |   6827 |    172 |     86 |   4590 |  10 |  699.9 |
       Dungeon |   6999 |   6827 |    172 |     86 |   4590 |  10 |  699.9 |
               +--------+--------+--------+--------+--------+-----+--------+

Top non-repeatable levels by time:
     D:6: 1241 daAuts
     D:5: 1028 daAuts
     D:4: 870 daAuts
     D:8: 864 daAuts
     D:7: 838 daAuts
     D:3: 733 daAuts
     D:9: 533 daAuts
     D:1: 414 daAuts
     D:2: 289 daAuts
    D:10: 185 daAuts
